 Dungeon Crawl Stone Soup version 0.25-a0-597-gb30770a0c0 (webtiles) character file.

Game seed: 6604510723865818681, levelgen mode: deterministic

1904 An17 the Cruncher (level 8, -8/61 HPs)
             Began as a Demonspawn Wanderer on Mar 15, 2020.
             Mangled by Dowan
             ... wielding a +1 dagger of distortion
              (17 damage)
             ... on level 5 of the Dungeon.
             The game lasted 00:13:11 (3949 turns).

An17 the Cruncher (Demonspawn Wanderer)             Turns: 3949, Time: 00:13:12

Health: -8/61      AC:  8    Str: 12    XL:     8   Next: 94%
Magic:  9/9        EV: 12    Int: 14    God:
Gold:   185        SH:  0    Dex: 15    Spells: 5/9 levels left

rFire    x . .     SeeInvis .   a - +4 quarterstaff
rCold    + . .     Gourm    .   (shield currently unavailable)
rNeg     . . .     Faith    .   m - +0 ring mail
rPois    .         Spirit   .   (no helmet)
rElec    .         Reflect  .   (no cloak)
rCorr    .         Harm     .   i - +1 pair of gloves
MR       .....     Rnd*Tele +   (no boots)
Stlth    ++........             (no amulet)
HPRegen  0.20/turn              k - ring of teleportation (curse)
MPRegen  0.11/turn              r - ring of ice

@: about to teleport
A: rugged brown scales 1, spiny 2
a: no special abilities


You were on level 5 of the Dungeon.
You were not hungry.

You visited 1 branch of the dungeon, and saw 7 of its levels.

You collected 185 gold pieces.

Inventory:

Hand Weapons
 a - a +4 quarterstaff (weapon)
 l - a +2 short sword of electrocution
 w - a +0 trident
 A - a +1 vorpal spear
 B - a +1 whip of flaming
Missiles
 b - 2 throwing nets (quivered)
 v - 3 boomerangs
Armour
 c - a +0 kite shield
 d - a +0 robe
 i - a +1 pair of gloves (worn)
 m - a +0 ring mail (worn)
 o - a +0 plate armour
Jewellery
 k - a cursed ring of teleportation (left hand)
 q - an uncursed ring of magical power {unknown}
 r - a ring of ice (right hand)
 x - a cursed +3 ring of strength {unknown}
 z - an uncursed ring of poison resistance {unknown}
Wands
 j - a wand of paralysis (4)
Scrolls
 y - a scroll of magic mapping
Potions
 e - a potion of degeneration {unknown}
 g - 2 potions of curing
 n - a potion of mutation {unknown}
 p - a potion of haste {unknown}
 s - a potion of heal wounds {unknown}
 t - a potion of brilliance {unknown}
 u - 2 potions of lignification {unknown}
Comestibles
 f - 9 rations


   Skills:
 + Level 3.9 Fighting
 + Level 8.5 Staves
 + Level 2.8 Armour
 + Level 3.4 Dodging
 + Level 4.1 Stealth
 - Level 1.0 Shields
 + Level 1.0 Spellcasting
   Level 2.0 Conjurations
 - Level 0.1 Transmutations
 + Level 1.4 Evocations


You had 5 spell levels left.
You knew the following spells:

 Your Spells              Type           Power        Failure   Level  Hunger
a - Sting                 Tmut/Pois      #...         50%         1    ##.....
b - Ignite Poison         Fire/Tmut/Pois #.......     86%         3    ####...

Your spell library contained the following spells:

 Spells                   Type           Power        Failure   Level  Hunger


Dungeon Overview and Level Annotations

Branches:
Dungeon (7/15)
 Temple: D:4-7

Altars:
Ashenzari
Elyvilon
Fedhas
Vehumet
Wu Jian
Yredelemnul

Shops:
D:4 [

Annotations:
D:5 Dowan


Innate Abilities, Weirdness & Mutations

You are partially covered in rugged brown scales. (AC +1, +3% HP)
You are mostly covered in sharp spines.


Message History

A stone arrow appears from out of thin air!
The stone arrow hits you! Something hits you. Space bends around you.
You closely miss something. Something hits you.
You blink.
As you read the scroll of teleportation, it crumbles to dust.
You feel strangely unstable.
You miss something. Something hits you.
* * * LOW HITPOINT WARNING * * *
You feel strangely stable. Something barely misses you.
You closely miss something. Something hits you but does no damage.
Space warps horribly around you!
* * * LOW HITPOINT WARNING * * *
You miss something. Something hits you but does no damage.
Space bends around you.
* * * LOW HITPOINT WARNING * * *
Something hits you but does no damage.
You feel strangely unstable.
You feel better. Something hits you but does no damage.
Space warps horribly around you!
You die...

#### #.. #.#
#@# #.# #.#
#)# #.# #.#
#.# #.#
.............#


There were no monsters in sight!

Vanquished Creatures
  Pikel (D:5)
  A hippogriff (D:4)
  Duvessa (D:5)
  An orc warrior (D:7)
  An ice beast (D:5)
  A necrophage (D:5)
  2 ogres (D:7)
  A scorpion (D:5)
  2 howler monkeys (D:6)
  A quasit (D:6)
  A hound (D:4)
  2 centaur skeletons
  2 orc wizards
  A bullfrog zombie (D:4)
  An orc priest (D:4)
  Jessica (D:3)
  A worker ant (D:4)
  A hound zombie (D:7)
  A howler monkey skeleton (D:4)
  6 gnolls
  8 adders
  3 oozes
  2 adder skeletons (D:4)
  An adder zombie (D:4)
  A worm (D:2)
  5 dart slugs
  3 leopard geckos
  6 orcs
  A ball python (D:2)
  7 giant cockroaches
  6 goblins
  6 hobgoblins
  10 jackals
  A quokka (D:4)
  10 bats
  2 frilled lizards (D:3)
  10 kobolds
  2 leopard gecko zombies (D:4)
  A quokka zombie (D:5)
  11 rats
125 creatures vanquished.

Vanquished Creatures (collateral kills)
  A gnoll (D:6)
1 creature vanquished.

Vanquished Creatures (others)
  An orc wizard (D:5)
  An adder (D:5)
2 creatures vanquished.

Grand Total: 128 creatures vanquished

Notes
Turn   | Place    | Note
-------+----------+-------------------------------------------
     0 | D:1      | An17 the Demonspawn Wanderer began the quest for the Orb.
     0 | D:1      | An17 set off with the following items: a +2 quarterstaff, a
                  | +0 kite shield, a +0 robe, a ration; and the following
                  | spell memorised: Sting; and the following spells available
                  | to memorise: Ignite Poison
     0 | D:1      | Reached XP level 1. HP: 13/13 MP: 2/2
    88 | D:1      | Reached skill level 4 in Staves
    88 | D:1      | Gained mutation: You are partially covered in sharp spines.
                  | [demonic ancestry]
    88 | D:1      | Reached XP level 2. HP: 8/19 MP: 3/3
   618 | D:1      | Reached XP level 3. HP: 16/24 MP: 4/4
   623 | D:1      | Learned a level 3 spell: Ignite Poison
  1613 | D:2      | Gained mutation: You are partially covered in rugged brown
                  | scales. (AC +1, +3% HP) [demonic ancestry]
  1613 | D:2      | Reached XP level 4. HP: 20/31 MP: 5/5
  1765 | D:2      | Found a basalt altar of Yredelemnul.
  1766 | D:2      | Found an ornate altar of the Wu Jian Council.
  1942 | D:3      | Noticed Jessica
  1943 | D:3      | Found a radiant altar of Vehumet.
  1945 | D:3      | Killed Jessica
  1945 | D:3      | Reached skill level 1 in Fighting
  1945 | D:3      | Reached skill level 5 in Staves
  1970 | D:2      | Found a blossoming altar of Fedhas.
  1970 | D:2      | Found a white marble altar of Elyvilon.
  1973 | D:2      | Found a shattered altar of Ashenzari.
  1992 | D:3      | Reached skill level 1 in Stealth
  2035 | D:3      | Reached XP level 5. HP: 37/38 MP: 6/6
  2090 | D:3      | Found a faded altar of an unknown god.
  2602 | D:4      | Noticed a hippogriff
  2623 | D:4      | Killed a hippogriff
  2623 | D:4      | Reached skill level 6 in Staves
  2623 | D:4      | Reached skill level 1 in Armour
  2623 | D:4      | Reached XP level 6. HP: 12/45 MP: 7/7
  3233 | D:4      | Reached XP level 7. HP: 51/51 MP: 8/8
  3465 | D:4      | Found Miri's Armour Shop.
  3488 | D:4      | You fall into a shaft and drop 3 floors!
  3590 | D:7      | Reached skill level 7 in Staves
  3609 | D:7      | Noticed a hippogriff
  3708 | D:6      | Gained mutation: You are mostly covered in sharp spines.
                  | [demonic ancestry]
  3708 | D:6      | Reached XP level 8. HP: 35/58 MP: 9/9
  3785 | D:5      | Entered Level 5 of the Dungeon
  3797 | D:5      | Noticed Pikel
  3834 | D:5      | Killed Pikel
  3834 | D:5      | Reached skill level 8 in Staves
  3919 | D:5      | Noticed Dowan
  3919 | D:5      | Noticed Duvessa
  3932 | D:5      | Killed Duvessa
  3946 | D:5      | HP: 2/60 [something (15)]
  3949 | D:5      | Mangled by Dowan

Levels and vault maps discovered:
D:1:      psy_arrival_conway, layout_loops_corners
D:2:      layout_rooms, nicolae_overflow_hidden_temple
D:3:      layout_loops_ring, overflow_temple_1_default, first_ration,
          chequers_ecumenical_altar_simple, grunt_ministairs_6, uniq_jessica
D:4:      layout_layer_cave, serial_shops, kennysheep_little_box, serial_undead,
          serial_undead_b, serial_undead_c, serial_undead_d, serial_undead_e,
          minmay_between
D:5:      layout_basic, grunt_gozag_breadcrumbs, uniq_pikel, uniq_duvessa,
          uniq_prince_ribbit1
D:6:      layout_loops_ring, lemuel_crystal_altar, sigmund_edmund_badplayer
D:7:      cheibrodos_fzero, layout_basic, minmay_temple_entry_from_below_b,
          kennysheep_generic_room_7

Skill      XL: |  1  2  3  4  5  6  7  8 |
---------------+-------------------------+-----
Staves         | 4 5 6 7 8 |  8.5
Fighting       | 1 2 3 |  3.9
Stealth        | 1 2 4 |  4.1
Dodging        | 2 3 |  3.4
Armour         | 1 2 |  2.8
Shields        | |  1.0
Spellcasting   | |  1.0
Conjurations   | |  2.0
Transmutations | |  0.1
Evocations     | |  1.4

Action                   |  1- 3 |  4- 6 |  7- 9 || total
-------------------------+-------+-------+-------++-------
Melee: Quarterstaff      |    72 |    79 |   101 ||   252
 Cast: Sting             |     2 |       |       ||     2
Evoke: Wand              |       |       |     2 ||     2
  Use: Scroll            |     4 |     6 |     2 ||    12
       Potion            |       |       |     1 ||     1
 Stab: Sleeping          |     3 |     2 |     1 ||     6
       Paralysed         |       |       |     6 ||     6
  Eat: Ration            |     1 |     1 |     1 ||     3
Armor: Robe              |    18 |       |       ||    18
       Ring mail         |       |    49 |    28 ||    77
Dodge: Dodged            |    48 |    54 |    49 ||   151

Table legend:
 A = Non-vault XP
 B = Vault XP
 C = Vault XP percentage of total XP
 D = Non-vault monster count
 E = Vault monster count
 F = Vault count percentage of total count
                 A         B        C        D         E       F
            +---------+---------+-------+---------+---------+-------
      Total |    1356 |    1364 |  50.1 |     110 |      17 |  13.4
            +---------+---------+-------+---------+---------+-------
        D:1 |      55 |       0 |   0.0 |      27 |       0 |   0.0
        D:2 |      55 |       0 |   0.0 |      21 |       0 |   0.0
        D:3 |      66 |      54 |  45.0 |      24 |       3 |  11.1
        D:4 |     542 |      73 |  11.9 |      18 |       7 |  28.0
        D:5 |     395 |     830 |  67.8 |      10 |       2 |  16.7
        D:6 |     243 |       0 |   0.0 |      10 |       0 |   0.0
        D:7 |       0 |     407 | 100.0 |       0 |       5 | 100.0
            +---------+---------+-------+---------+---------+-------
